 Dungeon Crawl Stone Soup version 0.27.1 (webtiles) character file.

Game seed: 672781805750998090

491 greenlake the Covered (level 6, 0/47 HPs)
             Began as a Demonspawn Fighter on Sept 4, 2021.
             Was an Initiate of Okawaru.
             Slain by a gnoll sergeant (11 damage)
             ... on level 5 of the Dungeon.
             The game lasted 00:12:32 (4690 turns).

greenlake the Covered (Demonspawn Fighter)          Turns: 4690, Time: 00:12:32

Health: 0/47       AC: 11    Str: 18    XL:     6   Next: 91%
Magic:  6/6        EV:  7    Int: 10    God:    Okawaru [......]
Gold:   160        SH:  0    Dex: 12    Spells: 5/5 levels left

rFire    . . .     SeeInvis .   a - +0 trident
rCold    . . .     Faith    .   (no shield)
rNeg     . . .     Spirit   .   j - +2 chain mail {Will+}
rPois    .         Reflect  .   (no helmet)
rElec    .         Harm     .   (no cloak)
rCorr    .         Rampage  .   (no gloves)
Will     +....                  (no boots)
Stlth    ..........             (no amulet)
HPRegen  0.15/turn              (no ring)
MPRegen  0.10/turn              (no ring)

@: no status effects
A: claws 2, powered by death 1
a: Renounce Religion


You were on level 5 of the Dungeon.
You worshipped Okawaru.
Okawaru was noncommittal.
You visited 2 branches of the dungeon, and saw 6 of its levels.

You collected 160 gold pieces.

Inventory:

Hand Weapons
 a - a +0 trident (weapon)
Missiles
 m - 2 boomerangs (quivered)
Armour
 b - a +0 scale mail
 c - a +0 kite shield
 j - a +2 chain mail of willpower (worn)
Jewellery
 e - a ring of positive energy
Scrolls
 f - a scroll of magic mapping {unknown}
 g - 3 scrolls of teleportation {unknown}
 l - 6 scrolls of identify {unknown}
 n - a scroll of enchant armour {unknown}
 p - 2 scrolls of immolation {unknown}
 q - a scroll of enchant weapon {unknown}
 r - 2 scrolls of amnesia {unknown}
 t - a scroll of torment {unknown}
Potions
 d - a potion of might
 h - a potion of heal wounds
 i - a potion of attraction {unknown}
 k - a potion of brilliance
 o - 2 potions of mutation {unknown}
 s - a potion of ambrosia
 u - a potion of flight {unknown}


   Skills:
 - Level 3.6 Fighting
 + Level 5.0 Polearms
 + Level 5.0 Armour
 - Level 2.6 Shields


You had 5 spell levels left.
You didn't know any spells.
Your spell library contained the following spells:

 Spells                   Type           Power      Damage    Failure   Level
 Shock                    Conj/Air       0%         1d3       99%         1
 Swiftness                Air            0%         N/A       100%        3
 Airstrike                Air            0%         N/A       100%        4


Dungeon Overview and Level Annotations

Branches:
Dungeon (5/15)             Temple (1/1) D:5

Altars:
Gozag
Okawaru
Qazlal
Ru
Yredelemnul


Innate Abilities, Weirdness & Mutations

You have very sharp fingernails.
You regenerate a little health from kills.


Message History

You hit the centaur skeleton.
The centaur skeleton is severely damaged.
The centaur skeleton closely misses you.
The centaur skeleton kicks you but does no damage.
The gnoll sergeant hits you from afar with a +0 trident.
You hit the centaur skeleton.
The centaur skeleton is severely damaged.
The centaur skeleton hits you but does no damage.
The centaur skeleton kicks you but does no damage.
The gnoll sergeant hits you from afar with a +0 trident.
The centaur skeleton hits you but does no damage.
The centaur skeleton kicks you but does no damage.
You hit the centaur skeleton.
The centaur skeleton is severely damaged.
The centaur skeleton hits you but does no damage.
The centaur skeleton kicks you but does no damage.
The gnoll sergeant closely misses you.
You hit the centaur skeleton.
The centaur skeleton is almost destroyed.
The centaur skeleton barely misses you.
The centaur skeleton kicks you but does no damage.
The gnoll sergeant hits you from afar with a +0 trident.
You hit the centaur skeleton.
You destroy the centaur skeleton!
Okawaru accepts your kill.
The gnoll sergeant hits you from afar with a +0 trident!
Your Polearms skill increases to level 5!
Your Armour skill increases to level 5!
The gnoll sergeant hits you with a +0 trident!
You barely miss the gnoll sergeant. The gnoll hits you but does no damage.
The gnoll sergeant completely misses you.
You hit the gnoll sergeant but do no damage.
The gnoll hits you but does no damage.
The gnoll sergeant hits you with a +0 trident.
* * * LOW HITPOINT WARNING * * *
You hit the gnoll sergeant but do no damage.
The gnoll hits you from afar with a +0 spear.
* * * LOW HITPOINT WARNING * * *
The gnoll sergeant hits you with a +0 trident!
You die...

##.....## ##.....#
#.....##
####.....##
..##...[..#
...........##
............##
.............######
............gggg@.#
....###....########
.### ##..### #..##
##)## ##..# ##
####..###...
.....##$....
............


You could see a gnoll sergeant and 3 gnolls.

Vanquished Creatures
  2 scorpions
  A howler monkey (D:5)
  A hound (D:5)
  A centaur skeleton (D:5)
  A bullfrog skeleton (D:4)
  A scorpion zombie (D:5)
  Natasha (D:3)
  6 gnolls
  7 adders
  3 dart slugs (D:1)
  2 orcs
  7 ball pythons
  9 endoplasms
  6 giant cockroaches
  5 goblins
  5 hobgoblins
  2 jackals (D:2)
  4 quokkas
  7 bats
  2 frilled lizards (D:3)
  3 kobolds
  6 rats
82 creatures vanquished.

Notes
Turn   | Place    | Note
-------+----------+-------------------------------------------
     0 | D:1      | greenlake the Demonspawn Fighter began the quest for the
                  | Orb.
     0 | D:1      | Reached XP level 1. HP: 18/18 MP: 1/1
   286 | D:1      | Gained mutation: You have sharp fingernails. [demonic
                  | ancestry]
   286 | D:1      | Reached XP level 2. HP: 19/24 MP: 2/2
   902 | D:1      | Reached XP level 3. HP: 29/29 MP: 3/3
  2341 | D:2      | Gained mutation: You have very sharp fingernails. [demonic
                  | ancestry]
  2341 | D:2      | Reached XP level 4. HP: 35/36 MP: 4/4
  2918 | D:3      | Noticed a scorpion
  2932 | D:3      | Killed a scorpion
  2933 | D:3      | Reached XP level 5. HP: 29/41 MP: 5/5
  3730 | D:3      | Noticed Natasha
  3738 | D:3      | Killed Natasha
  3981 | D:4      | Gained mutation: You regenerate a little health from kills.
                  | [demonic ancestry]
  3981 | D:4      | Reached XP level 6. HP: 39/47 MP: 6/6
  4133 | D:4      | Found a sacrificial altar of Ru.
  4133 | D:4      | Found a basalt altar of Yredelemnul.
  4268 | D:5      | Entered Level 5 of the Dungeon
  4587 | D:5      | Found a staircase to the Ecumenical Temple.
  4604 | Temple   | Entered the Ecumenical Temple
  4616 | Temple   | Became a worshipper of Warmaster Okawaru
  4686 | D:5      | Reached skill level 5 in Polearms
  4686 | D:5      | Reached skill level 5 in Armour
  4690 | D:5      | Slain by a gnoll sergeant

Illustrated notes

Levels and vault maps discovered:
D:1:      minmay_arrival_solitary_statue, layout_loops_ring
D:2:      layout_basic, chequers_mini_garden, kennysheep_nub
D:3:      layout_basic, uniq_natasha
D:4:      layout_rooms, gammafunk_temple_overflow_elements
D:5:      kennysheep_steamy, layout_cave_pods,
          mainiacjoe_overflow_concentric_impassable,
          minmay_temple_entry_offerings, uniq_grinder
Temple:   nicolae_temple_elliptical

Skill      XL: |  1  2  3  4  5  6 |
---------------+-------------------+-----
Polearms       | 2 3 4 5 |  5.0
Armour         | 3 4 5 |  5.0
Fighting       | |  3.6
Shields        | |  2.6

Action                   |  1- 3 |  4- 6 || total
-------------------------+-------+-------++-------
Melee: Trident           |   129 |   220 ||   349
  Use: Potion            |       |     3 ||     3
Armor: Scale mail        |    29 |       ||    29
       Chain mail        |    48 |   128 ||   176
Dodge: Dodged            |    48 |    57 ||   105
